PCL
MEXICO CITY CERVECEROS @ LAS VEGAS STARS
08/21/2027
 
TOP OF THE 1ST
Mexico City Cerveceros batting - Pitching for Las Vegas Stars : RHP Javier Valenzuela
Pitching: RHP Javier Valenzuela
Batting: LHB John Nicholson 0-0: Ball
1-0: Ball
2-0: Foul Ball, location: 2F
2-1: Ball
3-1: Base on Balls
Batting: RHB Robert Johnson 0-0: Ball
1-0: Foul Ball, location: 2F
1-1: Called Strike
1-2: Fly out, F7 (Flyball, 78S)
Batting: RHB Arnold Harmon 0-0: Called Strike
0-1: Ball
1-1: Ball
2-1: Grounds into double play, 6-4-3 (Groundball, 6)
Top of the 1st over - 0 run(s), 0 hit(s), 0 error(s), 0 left on base; Mexico City 0 - Las Vegas 0
BOTTOM OF THE 1ST
Las Vegas Stars batting - Pitching for Mexico City Cerveceros : RHP Clarence Allen
Pitching: RHP Clarence Allen
Batting: RHB Jonathan MacVey 0-0: Ball
1-0: Ball
2-0: Ball
3-0: Base on Balls
Batting: RHB Juan Valverde 0-0: Foul Ball, location: 2F
0-1: Ball
1-1: Foul Ball, location: 2F
1-2: Ball
2-2: Grounds into double play, 5-4-3 (Groundball, 56)
Batting: RHB Tom Howe 0-0: Fly out, F9 (Flyball, 9S)
Bottom of the 1st over - 0 run(s), 0 hit(s), 0 error(s), 0 left on base; Mexico City 0 - Las Vegas 0
TOP OF THE 2ND
Mexico City Cerveceros batting - Pitching for Las Vegas Stars : RHP Javier Valenzuela
Batting: RHB Juan Jose Guevana 0-0: Foul Ball, location: 2F
0-1: Ball
1-1: Foul Ball, location: 2F
1-2: Ball
2-2: Fly out, F7 (Flyball, 78M)
Batting: RHB Hamilton Holbrook 0-0: Fly out, F8 (Flyball, 8LM)
Batting: LHB Gary Kern 0-0: Ground out 6-3 (Groundball, 6M)
Top of the 2nd over - 0 run(s), 0 hit(s), 0 error(s), 0 left on base; Mexico City 0 - Las Vegas 0
BOTTOM OF THE 2ND
Las Vegas Stars batting - Pitching for Mexico City Cerveceros : RHP Clarence Allen
Batting: LHB Fernando De La Cruz 0-0: Called Strike
0-1: Ball
1-1: Swinging Strike
1-2: Strikes out looking
Batting: SHB Héctor Barajas 0-0: Ball
1-0: Ball
2-0: Called Strike
2-1: Fly out, F2 (Popup, 23)
Batting: LHB Diego Torres 0-0: Foul Ball, location: 2F
0-1: Ground out 1-3 (Groundball, 13S)
Bottom of the 2nd over - 0 run(s), 0 hit(s), 0 error(s), 0 left on base; Mexico City 0 - Las Vegas 0
TOP OF THE 3RD
Mexico City Cerveceros batting - Pitching for Las Vegas Stars : RHP Javier Valenzuela
Batting: RHB Dave Morgan 0-0: Swinging Strike
0-1: Foul Ball, location: 2F
0-2: Ball
1-2: Strikes out swinging
Batting: LHB Don Soper 0-0: Ball
1-0: Ground out 4-3 (Groundball, 4M)
Batting: RHB Orlando Núñes 0-0: Called Strike
0-1: Ball
1-1: Ball
2-1: Fly out, F7 (Line Drive, 7)
Top of the 3rd over - 0 run(s), 0 hit(s), 0 error(s), 0 left on base; Mexico City 0 - Las Vegas 0
BOTTOM OF THE 3RD
Las Vegas Stars batting - Pitching for Mexico City Cerveceros : RHP Clarence Allen
Batting: LHB Joaquín González 0-0: Ball
1-0: Called Strike
1-1: Called Strike
1-2: Fly out, F4 (Popup, 4MD)
Batting: LHB Paco Rivera 0-0: Called Strike
0-1: Ball
1-1: Ground out U3 (Groundball, 3)
Batting: LHB Ethan Marshall 0-0: Ball
1-0: Ball
2-0: Ball
3-0: Called Strike
3-1: Fly out, F7 (Flyball, 7)
Bottom of the 3rd over - 0 run(s), 0 hit(s), 0 error(s), 0 left on base; Mexico City 0 - Las Vegas 0
TOP OF THE 4TH
Mexico City Cerveceros batting - Pitching for Las Vegas Stars : RHP Javier Valenzuela
Batting: LHB John Nicholson 0-0: Ball
1-0: Ball
2-0: Swinging Strike
2-1: Ball
3-1: Called Strike
3-2: Foul Ball, location: 2F
3-2: Strikes out swinging
Batting: RHB Robert Johnson 0-0: Called Strike
0-1: Ball
1-1: Ball
2-1: Called Strike
2-2: Strikes out swinging
Batting: RHB Arnold Harmon 0-0: Ball
1-0: Called Strike
1-1: Swinging Strike
1-2: Ball
2-2: Foul Ball, location: 2F
2-2: Strikes out swinging
Top of the 4th over - 0 run(s), 0 hit(s), 0 error(s), 0 left on base; Mexico City 0 - Las Vegas 0
BOTTOM OF THE 4TH
Las Vegas Stars batting - Pitching for Mexico City Cerveceros : RHP Clarence Allen
Batting: RHB Jonathan MacVey 0-0: Ball
1-0: Ball
2-0: Ball
3-0: Base on Balls
Batting: RHB Juan Valverde 0-0: Ball
1-0: Called Strike
1-1: Grounds into double play, 6-4-3 (Groundball, 6M)
Batting: RHB Tom Howe 0-0: Swinging Strike
0-1: Ball
1-1: Ground out 5-3 (Groundball, 56S)
Bottom of the 4th over - 0 run(s), 0 hit(s), 0 error(s), 0 left on base; Mexico City 0 - Las Vegas 0
TOP OF THE 5TH
Mexico City Cerveceros batting - Pitching for Las Vegas Stars : RHP Javier Valenzuela
Batting: RHB Juan Jose Guevana 0-0: Swinging Strike
0-1: Ball
1-1: Ball
2-1: Ball
3-1: Ground out 5-3 (Groundball, 5)
Batting: RHB Hamilton Holbrook 0-0: Called Strike
0-1: Ball
1-1: Ball
2-1: Fly out, F8 (Flyball, 8RD)
Batting: LHB Gary Kern 0-0: DOUBLE (Flyball, 78M)
Batting: RHB Dave Morgan 0-0: Ball
1-0: DOUBLE (Line Drive, 7LD)
Gary Kern scores
Batting: LHB Don Soper 0-0: Ball
1-0: Called Strike
1-1: Ball
2-1: Ball
3-1: Swinging Strike
3-2: Strikes out swinging
Top of the 5th over - 1 run(s), 2 hit(s), 0 error(s), 1 left on base; Mexico City 1 - Las Vegas 0
BOTTOM OF THE 5TH
Las Vegas Stars batting - Pitching for Mexico City Cerveceros : RHP Clarence Allen
Batting: LHB Fernando De La Cruz 0-0: Called Strike
0-1: Swinging Strike
0-2: Strikes out looking
Batting: SHB Héctor Barajas 0-0: Ball
1-0: Swinging Strike
1-1: Swinging Strike
1-2: Foul Ball, location: 2F
1-2: Strikes out swinging
Batting: LHB Diego Torres 0-0: Called Strike
0-1: Ball
1-1: Ball
2-1: Ball
3-1: Base on Balls
Batting: LHB Joaquín González 0-0: Ball
Diego Torres is caught stealing 2nd base
Bottom of the 5th over - 0 run(s), 0 hit(s), 0 error(s), 0 left on base; Mexico City 1 - Las Vegas 0
TOP OF THE 6TH
Mexico City Cerveceros batting - Pitching for Las Vegas Stars : RHP Javier Valenzuela
Batting: RHB Orlando Núñes 0-0: Ball
1-0: Foul Ball, location: 2F
1-1: Called Strike
1-2: Fly out, F8 (Flyball, 8RD)
Batting: LHB John Nicholson 0-0: Ball
1-0: Fly out, F3 (Line Drive, 34)
Batting: RHB Robert Johnson 0-0: Ball
1-0: Ball
2-0: Ball
3-0: Foul Ball, location: 2F
3-1: Base on Balls
Pitching: RHP Flint Gray
Batting: RHB Arnold Harmon 0-0: Called Strike
0-1: Ball
1-1: Called Strike
1-2: Strikes out swinging
Top of the 6th over - 0 run(s), 0 hit(s), 0 error(s), 1 left on base; Mexico City 1 - Las Vegas 0
BOTTOM OF THE 6TH
Las Vegas Stars batting - Pitching for Mexico City Cerveceros : RHP Clarence Allen
Batting: LHB Joaquín González 0-0: SINGLE (Groundball, 56D)
Batting: LHB Paco Rivera 0-0: Ball
1-0: Ball
2-0: Called Strike
2-1: Swinging Strike
2-2: Grounds into double play, 4-6-3 (Groundball, 4)
Batting: LHB Ethan Marshall 0-0: Ball
1-0: Foul Ball, location: 2F
1-1: Ball
2-1: Foul Ball, location: 2F
2-2: Ground out 6-3 (Groundball, 6D)
Bottom of the 6th over - 0 run(s), 1 hit(s), 0 error(s), 0 left on base; Mexico City 1 - Las Vegas 0
TOP OF THE 7TH
Mexico City Cerveceros batting - Pitching for Las Vegas Stars : RHP Flint Gray
Batting: RHB Juan Jose Guevana 0-0: Foul Ball, location: 2F
0-1: Swinging Strike
0-2: Ball
1-2: Strikes out looking
Batting: RHB Hamilton Holbrook 0-0: Fly out, F9 (Flyball, 9)
Batting: LHB Gary Kern 0-0: Called Strike
0-1: Foul Ball, location: 2F
0-2: Strikes out looking
Top of the 7th over - 0 run(s), 0 hit(s), 0 error(s), 0 left on base; Mexico City 1 - Las Vegas 0
BOTTOM OF THE 7TH
Las Vegas Stars batting - Pitching for Mexico City Cerveceros : RHP Clarence Allen
Batting: RHB Jonathan MacVey 0-0: Ball
1-0: Called Strike
1-1: Foul Ball, location: 2F
1-2: Ball
2-2: Ground out 1-3 (Groundball, 15)
Batting: RHB Juan Valverde 0-0: Ball
1-0: Ball
2-0: Swinging Strike
2-1: Foul Ball, location: 2F
2-2: Foul Ball, location: 2F
2-2: Ball
3-2: Ground out 6-3 (Groundball, 6)
Batting: RHB Tom Howe 0-0: Called Strike
0-1: Swinging Strike
0-2: Ball
1-2: Ball
2-2: Fly out, F5 (Popup, 5D)
Bottom of the 7th over - 0 run(s), 0 hit(s), 0 error(s), 0 left on base; Mexico City 1 - Las Vegas 0
TOP OF THE 8TH
Mexico City Cerveceros batting - Pitching for Las Vegas Stars : RHP Flint Gray
Batting: RHB Dave Morgan 0-0: Called Strike
0-1: Ball
1-1: Swinging Strike
1-2: Foul Ball, location: 2F
1-2: Ball
2-2: Strikes out looking
Batting: LHB Don Soper 0-0: Ball
1-0: Ground out U3 (Groundball, 3)
Batting: RHB Orlando Núñes 0-0: Swinging Strike
0-1: Swinging Strike
0-2: Ball
1-2: Foul Ball, location: 2F
1-2: Ball
2-2: Ball
3-2: Fly out, F8 (Flyball, 8RXD)
Top of the 8th over - 0 run(s), 0 hit(s), 0 error(s), 0 left on base; Mexico City 1 - Las Vegas 0
BOTTOM OF THE 8TH
Las Vegas Stars batting - Pitching for Mexico City Cerveceros : RHP Clarence Allen
Now in CF: Domingo Cardona
Batting: LHB Fernando De La Cruz 0-0: Ball
1-0: Swinging Strike
1-1: DOUBLE (Line Drive, 8RD)
Pinch Hitting: RHB Ryan McBride 0-0: Ground out 6-3 (Groundball, 6M)
Fernando De La Cruz to third
Batting: LHB Diego Torres 0-0: Foul Ball, location: 2F
0-1: Swinging Strike
0-2: Ball
1-2: Ball
2-2: Fly out, F9 (Flyball, 89D)
Runner from 3rd tags up, SCORES, no throw
Batting: LHB Joaquín González 0-0: Called Strike
0-1: Ball
1-1: Ball
2-1: Called Strike
2-2: Ground out 4-3 (Groundball, 4MD)
Bottom of the 8th over - 1 run(s), 1 hit(s), 0 error(s), 0 left on base; Mexico City 1 - Las Vegas 1
TOP OF THE 9TH
Mexico City Cerveceros batting - Pitching for Las Vegas Stars : RHP Flint Gray
Pitching: LHP Jesús González
Now at 3B: Brian George
Pinch Hitting: RHB Robinson Pacheco 0-0: Ball
1-0: Called Strike
1-1: Foul Ball, location: 2F
1-2: Ground out 5-3 (Groundball, 5S)
Batting: RHB Robert Johnson 0-0: Called Strike
0-1: Called Strike
0-2: Foul Ball, location: 2F
0-2: Fly out, F8 (Line Drive, 89M)
Batting: RHB Arnold Harmon 0-0: Foul Ball, location: 2F
0-1: Called Strike
0-2: Foul Ball, location: 2F
0-2: Ball
1-2: Fly out, F8 (Flyball, 8RM)
Top of the 9th over - 0 run(s), 0 hit(s), 0 error(s), 0 left on base; Mexico City 1 - Las Vegas 1
BOTTOM OF THE 9TH
Las Vegas Stars batting - Pitching for Mexico City Cerveceros : RHP Clarence Allen
Now in RF: Brandon Cummings
Batting: LHB Paco Rivera 0-0: Ball
1-0: Ball
2-0: Called Strike
2-1: Fly out, F6 (Line Drive, 56D)
Pitching: RHP Dae-hee Ch'oe
Batting: LHB Ethan Marshall 0-0: Ball
1-0: Called Strike
1-1: Ball
2-1: Foul Ball, location: 2F
2-2: Ball
3-2: Base on Balls
Batting: RHB Jonathan MacVey 0-0: Ball
1-0: Swinging Strike
1-1: Ball
2-1: Foul Ball, location: 2F
2-2: Foul Ball, location: 2F
2-2: Ball
3-2: Grounds into double play, 6-4-3 (Groundball, 56)
Bottom of the 9th over - 0 run(s), 0 hit(s), 0 error(s), 0 left on base; Mexico City 1 - Las Vegas 1
TOP OF THE 10TH
Mexico City Cerveceros batting - Pitching for Las Vegas Stars : LHP Jesús González
Batting: RHB Juan Jose Guevana 0-0: Swinging Strike
0-1: Swinging Strike
0-2: Ball
1-2: Strikes out swinging
Batting: RHB Hamilton Holbrook 0-0: Foul Ball, location: 2F
0-1: Ball
1-1: Foul Ball, location: 2F
1-2: Ball
2-2: Strikes out swinging
Pinch Hitting: RHB Dennis Stephenson 0-0: Foul Ball, location: 2F
0-1: Ball
1-1: Called Strike
1-2: Ball
2-2: Strikes out swinging
Top of the 10th over - 0 run(s), 0 hit(s), 0 error(s), 0 left on base; Mexico City 1 - Las Vegas 1
BOTTOM OF THE 10TH
Las Vegas Stars batting - Pitching for Mexico City Cerveceros : RHP Dae-hee Ch'oe
Now in CF: Kevin Beasley
Batting: RHB Juan Valverde 0-0: Ball
1-0: Swinging Strike
1-1: SINGLE (Groundball, 6MD)
Batting: RHB Tom Howe 0-0: Called Strike
0-1: Swinging Strike
0-2: Foul Ball, location: 2F
0-2: Hit by Pitch
Juan Valverde to second
Pitching: LHP Rubén Rico
Pinch Hitting: SHB Sloan James 0-0: Called Strike
0-1: Ball
1-1: Called Strike
1-2: Ball
2-2: Strikes out swinging
Batting: RHB Brian George 0-0: Foul Ball, location: 2F
0-1: Ball
1-1: Foul Ball, location: 2F
1-2: Strikes out looking
Batting: LHB Diego Torres 0-0: Fly out, F9 (Flyball, 9)
Bottom of the 10th over - 0 run(s), 1 hit(s), 0 error(s), 2 left on base; Mexico City 1 - Las Vegas 1
TOP OF THE 11TH
Mexico City Cerveceros batting - Pitching for Las Vegas Stars : LHP Jesús González
Now at 2B: Kyle Bacon
Batting: RHB Dave Morgan 0-0: Ball
1-0: Swinging Strike
1-1: Ball
2-1: Ground out 5-3 (Groundball, 5S)
Pinch Hitting: RHB Claudio Souza 0-0: SINGLE (Line Drive, 6MD)
Batting: RHB Orlando Núñes 0-0: Ball
1-0: Called Strike
1-1: Fielders Choice at 2nd, 1-4 (Groundball, 15)
Pinch Hitting: RHB Júlio López 0-0: Called Strike
0-1: Ball
1-1: Ball
2-1: Swinging Strike
2-2: Strikes out swinging
Top of the 11th over - 0 run(s), 1 hit(s), 0 error(s), 1 left on base; Mexico City 1 - Las Vegas 1
BOTTOM OF THE 11TH
Las Vegas Stars batting - Pitching for Mexico City Cerveceros : LHP Rubén Rico
Now at SS: Claudio Souza
Now in RF: Collin Smith
Pinch Hitting: RHB Ron Shelton 0-0: Called Strike
0-1: Ball
1-1: Reached on error, E5 (Groundball, 56S)
Batting: LHB Paco Rivera 0-0: Foul Ball, location: 2F
0-1: Fly out, F8 (Flyball, 8RS)
Batting: LHB Ethan Marshall 0-0: Called Strike
0-1: Foul Ball, location: 2F
0-2: Foul Ball, location: 2F
0-2: Strikes out swinging
Batting: RHB Jonathan MacVey 0-0: Called Strike
0-1: Called Strike
0-2: Foul Ball, location: 2F
0-2: Ball
1-2: Strikes out swinging
Bottom of the 11th over - 0 run(s), 0 hit(s), 1 error(s), 1 left on base; Mexico City 1 - Las Vegas 1
TOP OF THE 12TH
Mexico City Cerveceros batting - Pitching for Las Vegas Stars : LHP Jesús González
Now in LF: Douglas Davis
Batting: RHB Robert Johnson 0-0: Swinging Strike
0-1: SINGLE (Flyball, 78S)
Batting: RHB Arnold Harmon 0-0: Called Strike
0-1: Grounds into double play, 6-4-3 (Groundball, 6)
Pitching: RHP Jorge Oliva
Batting: RHB Juan Jose Guevana 0-0: Foul Ball, location: 2F
0-1: Foul Ball, location: 2F
0-2: Ball
1-2: Ball
2-2: Strikes out looking
Top of the 12th over - 0 run(s), 1 hit(s), 0 error(s), 0 left on base; Mexico City 1 - Las Vegas 1
BOTTOM OF THE 12TH
Las Vegas Stars batting - Pitching for Mexico City Cerveceros : LHP Rubén Rico
Batting: RHB Juan Valverde 0-0: Called Strike
0-1: Ball
1-1: Ball
2-1: Ball
3-1: Foul Ball, location: 2F
3-2: SOLO HOME RUN (Flyball, 7D), Distance : 406 ft
Thursday, March 30th, 2017 - OOTP Baseball 17.12 Build 75